AoeStats
← 投掷哥布林

African Clearing

510724506Analyzed
4v4 RM · 1d ago on Oct 2, 2026· 25m 39s· 8 players
Game mode
Random Map
Map size
Large (8 player)
Population
200
Speed
Normal
Resources
Standard
Victory
Conquest
Starting age
Dark Age
Ending age
Imperial Age
RankedLock teamsTeams togetherTeam positionsShared explorationLock speedFull tech treeHidden civsTurbo modeCheats
Victory
Defeat
🇷🇺 Maya · Russia
1837
+12
🇭🇰 Slavs · Hong Kong SAR China
1684
+18
🇬🇧 Ethiopians · United Kingdom
1672
+18
🇦🇷 Cumans · Argentina
1565
+23
🇨🇳 Bulgarians · China
1770
-19
🇨🇳 Wei · China
1754
-19
🇨🇳 Bohemians · China
1705
-17
🇩🇪 Romans · Germany
1677
-16
投掷哥布林
3:51 Loom
14:28 Feudal Age
15:28 Town Watch
19:51 Castle Age
17:56 Double-Bit Axe
17:56 Horse Collar
Poggle-der-Fisch
11:35 Loom
14:01 Feudal Age
15:26 Fishing Lines
17:47 Castle Age
15:58 Double-Bit Axe
19:18 Bow Saw
18:52 Horse Collar
23:10 Scale Barding Armor
23:32 Husbandry
24:11 Bloodlines
25:45 Wheelbarrow
24:57 Town Watch
Perseus_LC
12:28 Feudal Age
16:28 Castle Age
14:25 Double-Bit Axe
15:26 Loom
19:30 Wheelbarrow
十大地方
5:14 Loom
12:43 Feudal Age
15:56 Double-Bit Axe
16:09 Town Watch
20:48 Horse Collar
24:40 Castle Age
22:56 Stone Mining
JustAGecko
8:13 Loom
12:23 Feudal Age
16:04 Castle Age
14:38 Scale Mail Armor
15:17 Forging
14:59 Double-Bit Axe
15:29 Forging
19:17 Arson
21:59 Bow Saw
21:57 Squires
Random Civ Pocket
13:12 Feudal Age
13:50 Double-Bit Axe
16:47 Castle Age
15:42 Fletching
17:28 Loom
18:48 Loom
22:16 Bodkin Arrow
25:16 Ballistics
25:30 Padded Archer Armor
Fresh To Death
2:50 Loom
11:28 Feudal Age
12:06 Double-Bit Axe
13:19 Town Watch
13:43 Fletching
19:06 Horse Collar
23:53 Castle Age
22:57 Gold Mining
24:32 Bodkin Arrow
23:58 Crossbowman
25:48 Bow Saw
amtiky
12:08 Feudal Age
12:10 Loom
12:49 Double-Bit Axe
12:45 Horse Collar
23:33 Castle Age
21:42 Gold Mining
22:44 Scale Barding Armor
23:42 Bloodlines
24:47 Wheelbarrow
24:45 Bow Saw
26:08 Chain Barding Armor
Connection lost

Rejoining the realm…

Still unreachable

The connection could not be restored.

Session expired

The server has moved on; the page needs a fresh start.